 Dungeon Crawl Stone Soup version 0.22-a0-301-gf0fe05c (webtiles) character file.

1516 CanOfBees the Ruffian (level 8, -17/120 HPs)
             Began as a Troll Berserker on Mar 26, 2018.
             Was a Priest of Trog.
             Demolished by an orc warrior
             ... wielding a +2 short sword of electrocution
              (20 damage)
             ... on level 6 of the Dungeon.
             The game lasted 00:07:15 (4103 turns).

CanOfBees the Ruffian (Troll Berserker)             Turns: 4103, Time: 00:07:16

Health: -17/120    AC: 24    Str: 31    XL:     8   Next: 53%
Magic:  7/7        EV:  1    Int:  4    God:    Trog [***...]
Gold:   232        SH:  0    Dex:  9    Spells: 7/7 levels left

rFire    + . .     SeeInvis .     - Unarmed
rCold    . . .     Gourm    +   (no shield)
rNeg     + + +     Faith    .   (armour currently unavailable)
rPois    +         Spirit   .   (helmet currently unavailable)
rElec    .         Reflect  .   (cloak currently unavailable)
rCorr    .         Harm     .   (gloves unavailable)
MR       ++...     NoTele   +   (boots unavailable)
Stlth    +.........             (no amulet)
HPRegen  1.70/turn              i - +4 ring of strength
MPRegen  0.10/turn              y - ring of protection from fire

@: tree-form, regenerating
A: large, unfitting armour, fast metabolism 3, gourmand, regeneration 1
a: Berserk, Trog's Hand, Renounce Religion


You were on level 6 of the Dungeon.
You worshipped Trog.
Trog was most pleased with you.
You were completely stuffed.
You were a tree.
You visited 1 branch of the dungeon, and saw 6 of its levels.

You collected 232 gold pieces.

Inventory:

Hand Weapons
 q - a +3 mace of crushing
 x - a +0 giant spiked club
Missiles
 f - 157 stones (quivered)
 h - 12 poisoned needles
 r - 12 sling bullets
Armour
 m - a +0 robe (melded)
Jewellery
 i - a +4 ring of strength (left branch)
 y - a ring of protection from fire (right branch)
Wands
 p - a wand of flame (29)
Scrolls
 a - 5 scrolls of teleportation
 c - 4 scrolls of identify
 d - a scroll of fear {unknown}
 j - a scroll of noise {unknown}
 l - a scroll of amnesia {unknown}
 n - a scroll of random uselessness {unknown}
 s - 3 scrolls of immolation {unknown}
 v - 2 scrolls of blinking {unknown}
 w - a scroll of remove curse {unknown}
 A - a scroll of magic mapping {unknown}
Potions
 e - a potion of flight {unknown}
 k - 2 potions of lignification
 o - 2 potions of haste {unknown}
 t - a potion of agility
 u - a potion of magic {unknown}
 z - 2 potions of mutation {unknown}
Comestibles
 b - 6 rations


   Skills:
 + Level 5.2 Fighting
 - Level 4.0 Maces & Flails
 + Level 0.6 Armour
 - Level 5.0 Dodging
 + Level 6.3 Unarmed Combat


You had 7 spell levels left.
You didn't know any spells.

Dungeon Overview and Level Annotations

Branches:
Dungeon (6/15)             Temple (0/1) D:5

Altars:
Ashenzari
Elyvilon
Ru
Wu Jian


Innate Abilities, Weirdness & Mutations

You are too large for most types of armour.
((You have claws for hands.))
Your metabolism is lightning-fast.
You like to eat raw meat.
Your natural rate of healing is unusually fast.
((You are covered in fur. (AC +1)))
((You have very tough skin. (AC +2)))


Message History

Your skin crawls.
You feel resistant to hostile enchantments.
You feel somewhat less full.
The orc warrior hits you with a short sword of electrocution.
You are electrocuted!
You claw the orc warrior!
The orc warrior is moderately wounded.
The orc priest mumbles some strange prayers to Beogh against you.
Beogh smites you!
The orc warrior hits you with a short sword of electrocution!!
* * * LOW HITPOINT WARNING * * *
You are electrocuted!
* * * LOW HITPOINT WARNING * * *
Okay, then.
It was a potion of lignification.
You turn into a tree.
Your +0 robe melds into your body.
Your roots penetrate the ground.
The orc warrior hits you with a short sword of electrocution.
* * * LOW HITPOINT WARNING * * *
You are electrocuted!
You die...

.. .#### .....
......... .....ooo
#....#o# #....#o#
#....#♣# #....#.#
####....#.#
#.........#
#......####
#...###########
##.##.......))#
###.##.#######)###
#......# #..).<#


You could see an orc warrior, an orc priest, an orc wizard and 2 orcs.

Vanquished Creatures
  The ghost of jlumianski the Cutter, a novice KoBe of Trog (D:5)
  An orc warrior (D:6)
  A sky beast (D:5)
  2 phantoms
  An ice beast (D:6)
  An ogre (D:4)
  A scorpion (D:4)
  A hound (D:5)
  4 orc priests (D:4)
  An iguana (D:4)
  Jessica (D:3)
  A centaur skeleton (D:4)
  2 orc wizards
  4 worker ants
  A worker ant zombie (D:5)
  5 gnolls
  3 adders
  An ooze (D:5)
  A worm (D:4)
  3 dart slugs
  5 leopard geckos
  20 orcs
  2 giant cockroaches
  8 hobgoblins
  5 jackals (D:2)
  7 kobolds
  3 quokkas
  5 bats
  5 frilled lizards
  8 goblins
  2 leopard gecko skeletons
  7 rats
113 creatures vanquished.

Notes
Turn   | Place    | Note
-------+----------+-------------------------------------------
     0 | D:1      | CanOfBees the Troll Berserker began the quest for the Orb.
     0 | D:1      | Reached XP level 1. HP: 22/22 MP: 0/0
    19 | D:1      | Reached XP level 2. HP: 29/29 MP: 1/1
   279 | D:1      | Reached XP level 3. HP: 36/36 MP: 2/2
   703 | D:2      | Reached ** piety under Trog
   928 | D:2      | Reached XP level 4. HP: 43/45 MP: 3/3
  1125 | D:3      | Found a white marble altar of Elyvilon.
  1126 | D:3      | Found a sacrificial altar of Ru.
  1133 | D:3      | Reached skill level 1 in Maces & Flails
  1345 | D:3      | Noticed Jessica
  1347 | D:3      | Killed Jessica
  1526 | D:3      | Found a shattered altar of Ashenzari.
  1962 | D:4      | Reached skill level 4 in Unarmed Combat
  1962 | D:4      | Reached XP level 5. HP: 53/53 MP: 4/4
  1995 | D:4      | Reached *** piety under Trog
  2014 | D:4      | Reached XP level 6. HP: 28/61 MP: 5/5
  2409 | D:4      | Reached XP level 7. HP: 47/70 MP: 6/6
  2514 | D:4      | Found an ornate altar of the Wu Jian Council.
  2607 | D:4      | Reached skill level 5 in Unarmed Combat
  2863 | D:5      | Entered Level 5 of the Dungeon
  2916 | D:5      | Noticed jlumianski's ghost (novice KoBe)
  2938 | D:5      | Killed jlumianski's ghost
  2938 | D:5      | Reached XP level 8. HP: 52/79 MP: 7/7
  2986 | D:5      | Found a staircase to the Ecumenical Temple.
  3888 | D:6      | Reached skill level 5 in Dodging
  3888 | D:6      | Reached skill level 6 in Unarmed Combat
  4023 | D:6      | Reached skill level 5 in Fighting
  4102 | D:6      | HP: 3/80 [orc warrior/short sword of electrocution (12)]
  4103 | D:6      | Demolished by an orc warrior

Vault maps used:
D:1:      mrwooster_arrival_statue_3
D:3:      gammafunk_temple_overflow_forgotten, item_on_display_a, uniq_jessica
D:4:      lemuel_doored_altar, first_ration
D:5:      temple_fountains
D:6:      serial_shops, kennysheep_mini, tgw_kikubaaqudgha, uniq_eustachio

Skill      XL: |  1  2  3  4  5  6  7  8 |
---------------+-------------------------+-----
Dodging        | 3 4 5 |  5.0
Fighting       | 3 4 5 |  5.2
Maces & Flails | 1 2 3 4 |  4.0
Unarmed Combat | 4 5 6 |  6.3
Armour         | |  0.6

Action                   |  1- 3 |  4- 6 |  7- 9 || total
-------------------------+-------+-------+-------++-------
Melee: Unarmed           |   100 |   137 |    98 ||   335
       Punch             |       |     3 |     4 ||     7
Throw: Stone             |     1 |     1 |     5 ||     7
Invok: Berserk           |     1 |     1 |     2 ||     4
       Trog's Hand       |       |     1 |     2 ||     3
Evoke: Wand              |       |       |     3 ||     3
  Use: Scroll            |       |     2 |       ||     2
       Potion            |       |       |     4 ||     4
 Stab: Distracted        |       |       |     1 ||     1
       Sleeping          |       |       |     1 ||     1
  Eat: Chunk             |    15 |    15 |    18 ||    48
Armor: Animal skin       |    43 |       |       ||    43
       Robe              |    14 |    41 |    12 ||    67
Dodge: Dodged            |    56 |    66 |    53 ||   175

Table legend:
 A = Spawn XP
 B = Non-spawn XP
 C = Spawn XP percentage of total XP
 D = Spawn monster count
 E = Non-spawn monster count
 F = Spawn count percentage of total count
 G = Total turns spent on level
                    A         B        C        D         E        F      G
               +---------+---------+-------+---------+---------+-------+---------
         Total |       0 |    2166 |   0.0 |       0 |     113 |   0.0 |  4103
               +---------+---------+-------+---------+---------+-------+---------
           D:1 |       0 |      56 |   0.0 |       0 |      24 |   0.0 |   696
           D:2 |       0 |      52 |   0.0 |       0 |      21 |   0.0 |   424
           D:3 |       0 |      86 |   0.0 |       0 |      14 |   0.0 |   784
           D:4 |       0 |     755 |   0.0 |       0 |      33 |   0.0 |   959
           D:5 |       0 |     789 |   0.0 |       0 |      15 |   0.0 |  1004
           D:6 |       0 |     428 |   0.0 |       0 |       6 |   0.0 |   236
               +---------+---------+-------+---------+---------+-------+---------
